 Dungeon Crawl Stone Soup version 0.30-a0-358-g0d69a1922f (webtiles) character file.

Game seed: 5311650295721245547

1045 koil the Sneak (level 8, 0/55 (58) HPs)
             Began as a Vampire Enchanter on Nov 10, 2022.
             Slain by a gnoll sergeant
             ... wielding a +0 trident
              (9 damage)
             ... on level 5 of the Dungeon.
             The game lasted 00:14:20 (4082 turns).

koil the Sneak (Vampire Enchanter)                  Turns: 4082, Time: 00:14:21

HP:   0/55 (58)     AC:  3    Str: 13    XL:     8   Next: 4%
MP:   7/13          EV: 13    Int: 19    God:
Gold: 279           SH:  5    Dex: 15    Spells: 9/14 levels left

rFire   . . .      SeeInvis +    a - +1 dagger
rCold   . . .      Faith    .    (no shield)
rNeg    . . .      Spirit   .    b - +0 robe
rPois   .          Reflect  +    (no helmet)
rElec   .          Harm     .    (no cloak)
rCorr   .          Rampage  .    (no gloves)
Will    .....                    y - +0 pair of boots
Stlth   ++++......               o - amulet of reflection
HPRegen 0.49/turn                p - +6 ring of strength
MPRegen 0.13/turn                s - +4 ring of slaying

@: confusing by touch, healing quickly, drained
A: alive, fangs 3, see invisible, vampiric 2
a: Exsanguinate


You were on level 5 of the Dungeon.
You visited 1 branch of the dungeon, and saw 5 of its levels.

You collected 279 gold pieces.

Inventory:

Hand Weapons
 a - a +1 dagger (weapon)
 v - a +0 vampiric short sword
Armour
 b - a +0 robe (worn)
 y - a +0 pair of boots (worn)
 z - a +0 ring mail of willpower
Jewellery
 o - an amulet of reflection (around neck)
 p - a +6 ring of strength (left hand)
 s - a +4 ring of slaying (right hand)
Wands
 t - a wand of roots (7)
Scrolls
 d - 3 scrolls of identify {unknown}
 f - a scroll of immolation {unknown}
 g - a scroll of amnesia {unknown}
 i - 2 scrolls of teleportation {unknown}
 k - a scroll of fear {unknown}
 l - 3 scrolls of vulnerability {unknown}
 n - 3 scrolls of fog {unknown}
 q - a scroll of magic mapping {unknown}
 r - a scroll of blinking {unknown}
 u - a scroll of enchant armour {unknown}
 w - a scroll of poison {unknown}
 B - a scroll of torment {unknown}
Potions
 c - 2 potions of invisibility
 e - 7 potions of curing
 h - a potion of might {unknown}
 j - 2 potions of cancellation {unknown}
 m - a potion of brilliance {unknown}
 x - a potion of magic {unknown}
 A - a potion of degeneration {unknown}
 C - a potion of lignification {unknown}


   Skills:
 + Level 3.0 Fighting
 + Level 3.8 Short Blades
 + Level 4.3 Dodging
 + Level 7.1 Stealth
 + Level 3.9 Spellcasting
 + Level 6.7 Hexes
 + Level 2.7 Air Magic


You had 9 spell levels left.
You knew the following spells:

 Your Spells              Type           Power      Damage    Failure   Level
a - Ensorcelled Hibernat  Hex/Ice        32%        N/A       5%          2
b - Confusing Touch       Hex            29%        N/A       2%          3

Your spell library contained the following spells:

 Spells                   Type           Power      Damage    Failure   Level
 Tukima's Dance           Hex            29%        N/A       2%          3
 Dazzling Flash           Conj/Hex       32%        N/A       11%         3
 Foxfire                  Conj/Fire      12%        2x1d4     14%         1
 Blink                    Tloc           6%         N/A       22%         2
 Vhi's Electric Charge    Tloc/Air       16%        N/A       24%         3
 Lesser Beckoning         Tloc           6%         N/A       38%         3
 Iskenderun's Mystic Bla  Conj/Tloc      3%         2d3       80%         4
 Arcjolt                  Conj/Air       4%         1d14      91%         5
 Fireball                 Conj/Fire      1%         3d3       98%         5
 Starburst                Conj/Fire      1%         6d3       100%        6
 Maxwell's Capacitive Co  Air            7%         ∞         100%        8


Dungeon Overview and Level Annotations

Branches:
Dungeon (5/15)             Temple (0/1) D:5

Altars:
Ashenzari
Nemelex Xobeh
Sif Muna
Trog
Wu Jian

Shops:
D:1 !   D:3 [

Annotations:
D:1 2 transporters


Innate Abilities, Weirdness & Mutations

Your natural rate of healing is accelerated.
You have razor-sharp teeth.
You have supernaturally acute eyesight. (SInv)
You are afflicted with vampirism and can become a bat while bloodless.


Message History

Found 15 gold pieces.
There is an open door here.
The helpless scorpion fails to defend itself.
You spit the scorpion like a pig!!!
You kill the scorpion!
You have reached level 8!
The gnoll sergeant shouts!
The necrophage hits you.
You feel drained. The gnoll sergeant closely misses you.
Casting: Ensorcelled Hibernation (safe; 5% risk of failure)
Confirm with . or Enter, or press ? or * to list all spells.
Your hands begin to glow red.
You block the necrophage's attack.
The gnoll sergeant hits you from afar with a +0 trident!
You hit the necrophage but do no damage.
You bite the necrophage.
The necrophage is moderately damaged.
The necrophage closely misses you.
The gnoll sergeant hits you from afar with a +0 trident!
You closely miss the necrophage.
The necrophage is moderately damaged.
The necrophage closely misses you.
The gnoll sergeant hits you from afar with a +0 trident!
You hit the necrophage but do no damage.
The necrophage is moderately damaged.
The necrophage hits you but does no damage.
You block the gnoll sergeant's attack.
You hit the necrophage but do no damage.
The necrophage appears confused.
The necrophage is moderately damaged.
The gnoll sergeant hits you from afar with a +0 trident!
Casting: Confusing Touch (dangerous; 2% risk of failure)
Confirm with . or Enter, or press ? or * to list all spells.
Your hands begin to glow red.
The necrophage hits the gnoll sergeant.
The gnoll sergeant hits you from afar with a +0 trident!
The necrophage hits you!
* * * LOW HITPOINT WARNING * * *
You feel drained.
* * * LOW HITPOINT WARNING * * *
The gnoll sergeant hits you with a +0 trident!
You die...

###.#..######...........#.#.#####
#........^..###########.#.#....
#......<....# #.#.#.###
#...........# ##.#.#....
#...........####### #.........
#.#...............# #.........
#.#.####.....####.# #.........
#.#.# ##...##.$#.# #.........
#.#.# ##.##.@g#.#####.#.#####
#.#.## #.#†.n##.#............
###.#..## +#.#'.##..#..........##
....#...###...###...#..........##
##..........8..................##
##.#...###...###..............#.
#.#..## +#.#+ ##..#............
..#.## #.# ##.#..........##
##.#.# ##.## #.#####....###


You could see a necrophage (confused) and a gnoll sergeant.

Vanquished Creatures
  2 water moccasins (D:5)
  A black bear (D:4)
  An ogre (D:4)
  A bullfrog (D:5)
  3 scorpions
  A necrophage (D:5)
  4 hounds
  An orc priest (D:3)
  3 iguanas
  Robin (D:2)
  2 adders
  3 worms
  2 dart slugs
  18 orcs
  7 ball pythons
  7 endoplasms
  5 giant cockroaches
  5 hobgoblins
  6 jackals
  5 kobolds
  A quokka (D:5)
  2 bats
  4 frilled lizards
  14 goblins
  2 rats (D:2)
  8 fungi (D:4)
109 creatures vanquished.

Notes
Turn   | Place    | Note
-------+----------+-------------------------------------------
     0 | D:1      | koil the Vampire Enchanter began the quest for the Orb.
     0 | D:1      | Reached XP level 1. HP: 13/13 MP: 3/3
    39 | D:1      | Found Tusuy's Distillery.
   106 | D:1      | Reached XP level 2. HP: 19/19 MP: 5/5
   109 | D:1      | Learned a level 2 spell: Ensorcelled Hibernation
   552 | D:1      | Found a faded altar of an unknown god.
   805 | D:2      | Gained mutation: You are afflicted with vampirism and can
                  | become a bat while bloodless. [Vampire growth]
   805 | D:2      | Reached XP level 3. HP: 25/25 MP: 6/6
   886 | D:2      | Noticed Robin
  1037 | D:2      | Reached skill level 1 in Fighting
  1068 | D:2      | Reached skill level 5 in Stealth
  1082 | D:2      | Learned a level 3 spell: Confusing Touch
  1159 | D:2      | Killed Robin
  1188 | D:2      | Found a broken altar of Ashenzari.
  1211 | D:2      | Reached skill level 5 in Hexes
  1211 | D:2      | Reached XP level 4. HP: 32/32 MP: 7/7
  1699 | D:3      | Found Xeudovot's Antique Armour Boutique.
  2040 | D:3      | Found a sparkling altar of Nemelex Xobeh.
  2040 | D:3      | Found a shimmering blue altar of Sif Muna.
  2629 | D:4      | Reached XP level 5. HP: 36/37 MP: 8/8
  2707 | D:4      | Found an ornate altar of the Wu Jian Council.
  2709 | D:4      | Noticed an ogre
  2727 | D:4      | Killed an ogre
  2728 | D:4      | Reached skill level 1 in Air Magic
  2801 | D:4      | Reached XP level 6. HP: 36/44 MP: 7/10
  3026 | D:4      | HP: 6/44 [black bear (3)]
  3098 | D:4      | Reached skill level 6 in Stealth
  3289 | D:4      | Found a bloodstained altar of Trog.
  3485 | D:5      | Entered Level 5 of the Dungeon
  3491 | D:5      | Noticed a water moccasin
  3496 | D:5      | Killed a water moccasin
  3497 | D:5      | Reached XP level 7. HP: 51/51 MP: 10/12
  3796 | D:5      | Found a staircase to the Ecumenical Temple.
  3939 | D:5      | Got the Parchment of the Excursion
  3966 | D:5      | Reached skill level 7 in Stealth
  4075 | D:5      | Reached XP level 8. HP: 58/58 MP: 13/13
  4082 | D:5      | HP: 9/55 [necrophage (3)]
  4082 | D:5      | Slain by a gnoll sergeant

Illustrated notes

Levels and vault maps discovered:
D:1:      spicycebolla_arrival_transporter_tutorial, layout_loops_ring,
          chequers_ecumenical_altar_lobes, serial_shops,
          nicolae_shop_behind_doors
D:2:      layout_rooms, basic_altar, mrwooster_statue_mirror, uniq_robin
D:3:      layout_basic, jmf_multi_god_temple, serial_shops, shop
D:4:      layout_basic, nicolae_wu_jian_wuxing_cycle,
          mainiacjoe_overflow_alcove_1, serial_aquarium, aquarium_bridge_square
          [aquarium_subvault_wall, aquarium_subvault_window,
          aquarium_subvault_balcony, aquarium_subvault_bridge],
          aquarium_window_fake, aquarium_window_1, aquarium_view_4,
          aquarium_balcony_1b, aquarium_pool_five
D:5:      cheibrodos_barr_body, layout_basic, temple_doors_e

Skill      XL: |  1  2  3  4  5  6  7 |
---------------+----------------------+-----
Fighting       | 1 2 3 |  3.0
Stealth        | 5 6 7 |  7.1
Hexes          | 5 6 |  6.7
Short Blades   | 2 3 |  3.8
Dodging        | 3 4 |  4.3
Air Magic      | 1 2 |  2.7
Spellcasting   | 3 |  3.9

Action                   |  1- 3 |  4- 6 |  7- 9 || total
-------------------------+-------+-------+-------++-------
Melee: Dagger            |   113 |   111 |    64 ||   288
       Punch             |     2 |       |     2 ||     4
       Bite              |     8 |    16 |     6 ||    30
 Cast: Ensorcelled Hiber |     2 |    13 |     4 ||    19
       Confusing Touch   |       |     3 |     5 ||     8
Evoke: Wand              |       |     1 |       ||     1
  Use: Potion            |       |     1 |       ||     1
 Stab: Sleeping          |    11 |    13 |     5 ||    29
       Confused          |       |     1 |     2 ||     3
Armor: Robe              |    15 |     6 |     2 ||    23
Dodge: Dodged            |    64 |    74 |    25 ||   163
Block: Other             |       |    23 |     8 ||    31

Table legend: (Time is in decaauts)
 A = Elapsed time spent in this place.
 B = Non-inter-level travel time spent in this place.
 C = Inter-level travel time spent in this place.
 D = Time resting spent in this place.
 E = Time spent auto-exploring this place.
 F = Levels seen in this place.
 G = Mean time per level.
                   A        B        C        D        E       F      G
               +--------+--------+--------+--------+--------+-----+--------+
         Total |   4046 |   3980 |     66 |    144 |   2940 |   5 |  809.2 |
       Dungeon |   4046 |   3980 |     66 |    144 |   2940 |   5 |  809.2 |
               +--------+--------+--------+--------+--------+-----+--------+

Top non-repeatable levels by time:
     D:4: 1091 daAuts
     D:3: 998 daAuts
     D:1: 759 daAuts
     D:2: 612 daAuts
     D:5: 583 daAuts
